 Dungeon Crawl Stone Soup version 0.29-a0-977-g7483850d73 (webtiles) character file.

Game seed: 12773428314371919391

893789 Mls the Rhythm of Life and Death (level 27, -2/271 HPs)
             Began as a Hill Orc Fighter on July 26, 2022.
             Was the Champion of Uskayaw.
             Killed from afar by a wendigo (15 damage)
             ... with a seracfall
             ... while petrified by a nargun
             ... on level 7 of Cocytus on Aug 1, 2022.
             The game lasted 10:55:15 (98643 turns).

Mls the Rhythm of Life and Death (HOFi)            Turns: 98643, Time: 10:55:16

Health: -2/271     AC: 49    Str: 32 (37) XL:     27
Magic:  40/40      EV:  2    Int:  1 (13) God:    Uskayaw [******]
Gold:   3455       SH:  0    Dex: 16      Spells: 24/26 levels left

rFire   + + .      SeeInvis +   I - +7 war axe of Gozag's Inspiration {vorpal, rN+}
rCold   + + .      Faith    .   E - +3 tower shield {rC+}
rNeg    + + +      Spirit   .   T - +12 gold dragon scales
rPois   ∞          Reflect  .   e - +2 helmet
rElec   +          Harm     .   B - +1 cloak "Axed" {Slay+3}
rCorr   .          Rampage  .   n - +1 pair of gloves "Anyte" {Int+4 Dex+4}
Will    ++...                   u - +2 pair of boots {Stlth+}
Stlth   +.........              k - amulet of Fourikh {RegenMP rPois rN+ Str+3 Int-3}
HPRegen 0.55/turn               L - ring "Ciob" {rElec Str+2 Dex+2 SInv}
MPRegen 0.67/turn               S - ring "Cofebio" {rF+ Will+ Str+3 Dex+2}

@: petrified, weak-willed, studying 2 skills, unable to drink
A: clumsy 1, strong-willed 1, inability to drink while threatened 1
}: 10/15 runes: decaying, serpentine, slimy, silver, abyssal, demonic, glowing,
magical, fiery, dark
a: Renounce Religion, Stomp, Line Pass, Grand Finale


You were on level 7 of Cocytus.
You worshipped Uskayaw.
Uskayaw was exalted by your worship.
You visited 14 branches of the dungeon, and saw 61 of its levels.
You visited Pandemonium 1 time, and saw 12 of its levels.
You visited the Abyss 1 time.
You visited 1 bazaar.
You also visited: Ossuary and Ice Cave.

You collected 8980 gold pieces.
You spent 5525 gold pieces at shops.

Inventory:

Hand Weapons
 h - the +5 broad axe "Fyebruko" {vorpal, +Blink}
   (You found it on level 11 of the Dungeon)

   It inflicts extra damage upon your enemies.
   +Blink:    It lets you blink.
 t - a +9 antimagic eveningstar
 I - the +7 war axe of Gozag's Inspiration (weapon) {vorpal, rN+}
   (You found it in Pandemonium)

   It inflicts extra damage upon your enemies.
   rN:        It protects you from negative energy.
 V - the +8 trishula "Condemnation" {holy, anguish, *Noise Fly rN+}
   (You found it in an ice cave)

   It has been blessed by the Shining One to cause great damage to the undead
   and demons.
   It inflicts anguish, making its victims' attacks reflect back on them.
   rN:        It protects you from negative energy.
   Fly:       It grants you flight.
   *Noise:    It may make noises in combat.
 X - the +11 broad axe of the Genius {flame, Stlth+}
   (You found it on level 1 of the Elven Halls)

   It burns those it strikes, dealing additional fire damage.
   Big, fiery blades are also staple armaments of hydra-hunters.
   Stlth:     It makes you more stealthy.
Missiles
 m - 43 boomerangs (quivered)
 z - 4 silver boomerangs
 C - 5 throwing nets
Armour
 e - a +2 helmet (worn)
 n - the +1 pair of gloves "Anyte" (worn) {Int+4 Dex+4}
   (You bought it in a shop on level 3 of the Vaults)

   Int:       It affects your intelligence (+4).
   Dex:       It affects your dexterity (+4).
 u - a +2 pair of boots of stealth (worn)
 B - the +1 cloak "Axed" (worn) {Slay+3}
   (You found it on level 4 of the Dungeon)

   Slay:      It affects your accuracy & damage with ranged weapons and melee
   (+3).
 E - a +3 tower shield of cold resistance (worn)
 T - +12 gold dragon scales (worn)
Jewellery
 b - the ring "Isuss" {rF+ EV+4 Str+4 Dex+4}
   (You bought it in a shop in a bazaar)

   [ring of evasion]

   EV:        It affects your evasion (+4).
   Str:       It affects your strength (+4).
   Dex:       It affects your dexterity (+4).
   rF:        It protects you from fire.
 j - a ring of resist corrosion
 k - the amulet of Fourikh (around neck) {RegenMP rPois rN+ Str+3 Int-3}
   (You found it on level 3 of the Lair of Beasts)

   [amulet of magic regeneration]

   It increases your rate of magic regeneration.
   Str:       It affects your strength (+3).
   Int:       It affects your intelligence (-3).
   rPois:     It protects you from poison.
   rN:        It protects you from negative energy.
 l - the amulet "Voxublekk" {Faith rC+ Str+2 Int+3 Slay+3}
   (You bought it in a shop on level 4 of the Depths)

   [amulet of faith]

   It allows you to gain divine favour quickly.
   Str:       It affects your strength (+2).
   Int:       It affects your intelligence (+3).
   Slay:      It affects your accuracy & damage with ranged weapons and melee
   (+3).
   rC:        It protects you from cold.
 y - a +6 ring of intelligence
 L - the ring "Ciob" (left hand) {rElec Str+2 Dex+2 SInv}
   (You took it off a deep elf sorcerer on level 3 of the Elven Halls)

   [ring of see invisible]

   Str:       It affects your strength (+2).
   Dex:       It affects your dexterity (+2).
   rElec:     It insulates you from electricity.
   SInv:      It lets you see invisible.
 S - the ring "Cofebio" (right hand) {rF+ Will+ Str+3 Dex+2}
   (You found it on level 2 of the Lair of Beasts)

   [ring of willpower]

   Str:       It affects your strength (+3).
   Dex:       It affects your dexterity (+2).
   rF:        It protects you from fire.
   Will:      It increases your willpower.
Wands
 A - a wand of digging (8)
 H - a wand of light (44)
 U - a wand of iceblast (36)
Scrolls
 d - a scroll of summoning
 f - 15 scrolls of poison
 q - 6 scrolls of magic mapping
 r - a scroll of blinking
 s - 24 scrolls of teleportation
 P - 5 scrolls of fear
 Q - 4 scrolls of silence
 Y - 9 scrolls of butterflies
Potions
 i - 11 potions of heal wounds
 o - 7 potions of mutation
 p - 5 potions of resistance
 x - 31 potions of curing
 F - 11 potions of flight
 J - a potion of magic
 K - 14 potions of lignification
 N - 5 potions of invisibility
 O - 16 potions of ambrosia
 R - 6 potions of haste
 W - 5 potions of cancellation
 Z - 8 potions of might
Miscellaneous
 a - a phantom mirror
 c - a lightning rod (4/4)
 g - the horn of Geryon
 v - a box of beasts
 w - a condenser vane
 G - a phial of floods
 M - a tin of tremorstones (2/2)


   Skills:
 * Level 26.8 Fighting
 + Level 23.0(25.8) Axes
 - Level 8.9(15.5) Maces & Flails
 - Level 15.1(19.3) Polearms
 * Level 13.7 Throwing
 * Level 21.1 Armour
 * Level 17.3 Dodging
 * Level 19.7 Stealth
 + Level 22.6 Shields
 * Level 6.9 Transmutations
 O Level 27 Invocations
 - Level 15.0 Evocations


You had 24 spell levels left.
You knew the following spells:

 Your Spells              Type           Power      Damage    Failure   Level
a - Wereblood             Tmut           1%         N/A       63%         2

Your spell library contained the following spells:

 Spells                   Type           Power      Damage    Failure   Level
 Beastly Appendage        Tmut           2%         N/A       47%         1
 Sting                    Tmut/Pois      0%         1d3       91%         1
 Passwall                 Tmut/Erth      0%         N/A       97%         2
 Apportation              Tloc           0%         N/A       100%        1
 Freeze                   Ice            0%         1d3       100%        1
 Magic Dart               Conj           0%         1d3       100%        1
 Necrotise                Necr           0%         1d4       100%        1
 Sandblast                Erth           0%         2d4       100%        1
 Summon Small Mammal      Summ           0%         N/A       100%        1
 Blink                    Tloc           0%         N/A       100%        2
 Call Imp                 Summ           0%         N/A       100%        2
 Ensorcelled Hibernation  Hex/Ice        0%         N/A       100%        2
 Poisonous Vapours        Pois/Air       0%         N/A       100%        2
 Scorch                   Fire           0%         2d5       100%        2
 Searing Ray              Conj           0%         2d4       100%        2
 Static Discharge         Conj/Air       0%         3-3/arc   100%        2
 Sublimation of Blood     Necr           0%         N/A       100%        2
 Call Canine Familiar     Summ           0%         N/A       100%        3
 Confusing Touch          Hex            0%         N/A       100%        3
 Conjure Flame            Conj/Fire      0%         6-21      100%        3
 Dazzling Flash           Conj/Hex       0%         N/A       100%        3
 Frozen Ramparts          Ice            0%         1d2       100%        3
 Gell's Gravitas          Tloc           0%         N/A       100%        3
 Ignite Poison            Fire/Tmut/Pois 0%         N/A       100%        3
 Lesser Beckoning         Tloc           0%         N/A       100%        3
 Mephitic Cloud           Conj/Pois/Air  0%         N/A       100%        3
 Portal Projectile        Hex/Tloc       0%         N/A       100%        3
 Spider Form              Tmut/Pois      0%         N/A       100%        3
 Stone Arrow              Conj/Erth      0%         3d7       100%        3
 Summon Guardian Golem    Hex/Summ       0%         N/A       100%        3
 Swiftness                Air            0%         N/A       100%        3
 Teleport Other           Tloc           0%         N/A       100%        3
 Tukima's Dance           Hex            0%         N/A       100%        3
 Airstrike                Air            0%         0-1+      100%        4
 Anguish                  Hex/Necr       0%         N/A       100%        4
 Animate Armour           Summ/Erth      0%         N/A       100%        4
 Animate Dead             Necr           0%         N/A       100%        4
 Corpse Rot               Necr/Pois/Air  0%         N/A       100%        4
 Dispel Undead            Necr           0%         3d6       100%        4
 Flame Wave               Conj/Fire      0%         2d4       100%        4
 Fulminant Prism          Conj/Hex       0%         3d6       100%        4
 Hailstorm                Conj/Ice       0%         3d3       100%        4
 Iskenderun's Mystic Bla  Conj/Tloc      0%         2d3       100%        4
 Leda's Liquefaction      Hex/Erth       0%         N/A       100%        4
 Olgreb's Toxic Radiance  Pois           0%         N/A       100%        4
 Passage of Golubria      Tloc           0%         N/A       100%        4
 Petrify                  Tmut/Erth      0%         N/A       100%        4
 Sticky Flame             Conj/Fire      0%         2d3       100%        4
 Summon Ice Beast         Ice/Summ       0%         N/A       100%        4
 Summon Lightning Spire   Summ/Air       0%         N/A       100%        4
 Agony                    Necr           0%         N/A       100%        5
 Blade Hands              Tmut           0%         N/A       100%        5
 Fireball                 Conj/Fire      0%         3d3       100%        5
 Freezing Cloud           Conj/Ice/Air   0%         6-21      100%        5
 Iskenderun's Battlesphe  Conj           0%         2d6       100%        5
 Lee's Rapid Deconstruct  Erth           0%         3d5*      100%        5
 Lightning Bolt           Conj/Air       0%         1d11      100%        5
 Manifold Assault         Tloc           0%         N/A       100%        5
 Silence                  Hex/Air        0%         N/A       100%        5
 Summon Mana Viper        Hex/Summ       0%         N/A       100%        5
 Yara's Violent Unravell  Hex/Tmut       0%         3d3       100%        5
 Conjure Ball Lightning   Conj/Air       0%         3x3d6     100%        6
 Death Channel            Necr           0%         N/A       100%        6
 Dispersal                Tloc           0%         N/A       100%        6
 Iron Shot                Conj/Erth      0%         9d1       100%        6
 Simulacrum               Ice/Necr       0%         N/A       100%        6
 Starburst                Conj/Fire      0%         6d3       100%        6
 Statue Form              Tmut/Erth      0%         N/A       100%        6
 Enfeeble                 Hex            0%         N/A       100%        7
 Haunt                    Necr/Summ      0%         N/A       100%        7
 Monstrous Menagerie      Summ           0%         N/A       100%        7
 Orb of Destruction       Conj           0%         9d5       100%        7
 Ozocubu's Refrigeration  Ice            0%         4d5       100%        7
 Spellforged Servitor     Conj/Summ      0%         N/A       100%        7
 Summon Hydra             Summ           0%         N/A       100%        7
 Borgnjor's Revivificati  Necr           0%         N/A       100%        8
 Disjunction              Tloc           0%         N/A       100%        8
 Infestation              Necr           0%         N/A       100%        8
 Lehudib's Crystal Spear  Conj/Erth      0%         10d2      100%        8
 Necromutation            Tmut/Necr      0%         N/A       100%        8
 Chain Lightning          Conj/Air       0%         N/A       100%        9
 Death's Door             Necr           0%         N/A       100%        9
 Polar Vortex             Ice            0%         N/A       100%        9


Dungeon Overview and Level Annotations

Branches:
Dungeon (15/15)            Temple (1/1) D:6            Lair (5/5) D:10
  Swamp (4/4) Lair:3        Snake (4/4) Lair:3        Slime (5/5) Lair:4
    Orc (2/2) D:12            Elf (3/3) Orc:2        Vaults (5/5) D:14
  Crypt (1/3) Vaults:3     Depths (4/4) D:15           Hell (visited)
    Dis (0/7) Hell            Geh (0/7) Hell            Coc (7/7) Hell
    Tar (0/7) Hell            Zot (4/5) Depths:4    Ossuary (visited)
  IceCv (visited)

Altars:
Ashenzari
Cheibriados
Dithmenos
Gozag
Kikubaaqudgha
Makhleb
Nemelex Xobeh
Okawaru
Qazlal
Ru
Sif Muna
Uskayaw
Vehumet
Wu Jian
Xom
Yredelemnul
Zin
The Shining One
Jiyva

Shops:
D:14 (   Orc:2 !*=   Vaults:1 ?   Vaults:2 (   Vaults:3 ([   Vaults:4 *
Vaults:5 :   Depths:1 (   Depths:3 [   Depths:4 ==:

Portals:
Hell: Depths:1 Depths:2 Depths:3 Depths:4
Abyss: Crypt:1 Depths:3
Pandemonium: Depths:2
Ziggurat: Depths:2
Trove: D:14 (give 2 scrolls of acquirement)


Innate Abilities, Weirdness & Mutations

You are clumsy. (Dex -2)
You are strong-willed. (Will+)
You occasionally lose the ability to drink potions when taking damage.


Message History

The shard shrike spits a shard of ice at you.
The shard of ice hits you. You partially resist.
* * * LOW HITPOINT WARNING * * *
The shard shrike claws you but does no damage.
Your limbs are stiffening.
There is a gateway leading out of Cocytus here.
You hit the nargun.
The nargun is severely damaged.
You block the shard shrike's attack.
The shard shrike spits a shard of ice at you.
The shard of ice hits you!! You partially resist.
* * * LOW HITPOINT WARNING * * *
A harpy simulacrum comes into view.
You resist with significant effort.
You have turned to stone.
The wendigo claws you but does no damage.
The wendigo bites you.
* * * LOW HITPOINT WARNING * * *
The nargun hits you but does no damage.
The nargun bites you but does no damage.
The shard shrike claws you.
* * * LOW HITPOINT WARNING * * *
The shard shrike freezes you! You resist.
* * * LOW HITPOINT WARNING * * *
The shard shrike spits a shard of ice at you.
The shard of ice hits you!! You partially resist.
* * * LOW HITPOINT WARNING * * *
The wendigo fires a burst of electricity at you.
The stunning burst hits you but does no damage.
A wendigo comes into view.
You resist with significant effort.
The shard shrike claws you but does no damage.
The shard shrike screeches!
The shard shrike spits a shard of ice at you.
The shard of ice hits you but does no damage.
The wendigo fires a burst of electricity at you.
The stunning burst hits you but does no damage.
The wendigo gestures.
The harpy simulacrum collapses into a mass of ice!
The mass of ice explodes!
The seracfall engulfs you!! You partially resist.
You die...

##################
≈≈≈≈≈≈≈≈≈≈≈≈≈≈####
≈≈≈≈≈≈≈≈....≈≈####
...≈≈≈≈......≈####
...≈9≈....@..≈####
..≈≈≈....R9○b≈####
≈≈≈≈≈......b≈≈####
≈≈≈≈........≈≈####
≈≈≈........≈≈≈####
≈≈≈........≈≈≈####
≈≈≈.......≈≈≈≈####
≈≈.......R≈≈≈≈####
≈≈.......≈≈≈≈≈###


You could see 2 shard shrikes, 2 wendigos and 2 narguns.

Vanquished Creatures
  Cerebov (Pan)
  the Royal Jelly (Slime:5)
  Gloorx Vloq (Pan)
  Lom Lobon (Pan)
  Mnoleg (Pan)
  An orb of fire (Zot:1)
  3 dread liches
  An ancient lich (Zot:3)
  2 pandemonium lords (Pan)
  4 juggernauts
  Mennas (Vaults:4)
  Boris (thrice) (Vaults:4 Depths:1 Depths:4)
  The ghost of Caitwiop the Warrior, a veteran GrFi of the Shining One (Crypt:1)
  the Lernaean hydra (Swamp:4)
  Parghit (Zot:1)
  Xtahua (Vaults:5)
  2 Killer Klowns (Zot:2)
  8 shard shrikes
  A caustic shrike (Depths:2)
  Jory (Vaults:4)
  Geryon (Hell)
  5 golden dragons
  2 profane servitors
  Nikola (Vaults:2)
  the Enchantress (Depths:1)
  4 bone dragons
  A Tzitzimitl (Pan)
  6 Brimstone Fiends (Pan)
  A shard shrike skeleton (Crypt:1)
  5 Ice Fiends
  Jorgrun (Swamp:2)
  18 tentacled monstrosities
  3 Hell Sentinels
  7 liches
  A tainted leviathan (Hell)
  A walking earthen tome (Depths:1)
  Mlioglotl (Lair:3)
  Zenata (Crypt:1)
  9 titans
  A walking divine tome (Depths:4)
  A walking crystal tome (Depths:3)
  19 acid blobs
  4 deep elf master archers (Elf:3)
  3 quicksilver dragons
  10 death cobs
  3 deep elf blademasters
  Murray (Hell)
  2 ancient champions (Crypt:1)
  25 Executioners (Pan)
  9 sphinxes
  The ghost of Olga the Carver, an adept HuFi of Okawaru (Elf:1)
  Agnes (Elf:2)
  9 tengu reavers
  12 shadow dragons
  9 azure jellies
  Roxanne (Swamp:2)
  Donald (Swamp:2)
  14 storm dragons
  2 fenstrider witches
  8 narguns
  7 demonspawn warmongers (Pan)
  6 draconian monks
  2 revenants (Crypt:1)
  10 fire giants
  13 rockslimes
  Louise (Elf:2)
  3 nagarajas
  24 balrugs
  13 vault wardens
  13 frost giants
  18 cacodemons (Pan)
  5 draconian scorchers
  6 deep elf sorcerers
  4 deep elf elementalists (Elf:3)
  8 draconian knights
  Aizul (Snake:1)
  4 shard shrike simulacra
  3 ghost moths
  3 curse skulls
  4 draconian stormcallers
  4 demonspawn corrupters (Pan)
  3 demonspawn blood saints (Pan)
  5 draconian shifters
  8 spriggan defenders
  7 draconian annihilators
  25 stone giants
  10 reapers
  4 ghouls (Crypt:1)
  12 quicksilver oozes
  17 ironbound preservers
  3 demonspawn black suns (Pan)
  5 war gargoyles
  8 elemental wellsprings
  8 ironbound thunderhulks
  39 very ugly things
  9 lorocyprocas
  10 white draconians
  13 vampire knights
  8 deep elf demonologists
  4 wendigos
  6 green draconians
  9 black draconians
  12 yellow draconians
  3 putrid mouths (Hell)
  3 eleionomae
  7 dire elephants
  3 entropy weavers
  5 red draconians
  13 spark wasps
  6 bunyips
  14 purple draconians
  10 deep elf annihilators
  3 crystal guardians
  17 ettins
  Snorg (D:10)
  14 blizzard demons
  2 eidola
  An acid blob zombie (Crypt:1)
  A spectral elf (Elf:1)
  9 deep elf death magi
  2 jiangshi (Crypt:1)
  8 fire dragons
  4 great orbs of eyes
  15 green deaths
  A shambling mangrove (Swamp:1)
  8 deep elf high priests
  21 yaktaur captains
  19 ice dragons
  A spriggan zombie (Crypt:1)
  12 boulder beetles
  A quicksilver dragon skeleton (Pan)
  6 salamander tyrants
  31 vault guards
  The ghost of MirrMurr the Spear-Bearer, a journeyman DsGl of Trog (D:11)
  5 spriggan skeletons
  An anaconda (shapeshifter) (Elf:2)
  11 ironbound frosthearts
  13 rakshasas
  4 juggernaut simulacra
  11 anacondas
  2 peacekeepers
  A hell beast (Pan)
  26 hydras
  2 fenstrider witch skeletons
  8 caustic shrike simulacra
  10 spriggan air magi
  5 centaur warriors
  8 vampire magi
  5 death yaks (Lair:5)
  3 alligators
  7 naga warriors
  5 two-headed ogres
  4 death knights
  13 hell hogs
  37 dancing weapons
  7 deep troll shamans
  8 spriggan berserkers
  Erica (Lair:1)
  7 tengu warriors
  7 deep troll earth magi
  6 shock serpents
  A titan zombie (Crypt:1)
  2 thrashing horrors (Abyss:1)
  4 orc high priests
  30 soul eaters
  15 spriggans
  13 naga sharpshooters
  9 shadow wraiths
  16 hell knights
  55 sun demons
  3 iron trolls
  2 wretched stars
  2 salamander mystics
  18 deep elf knights
  6 skeletal warriors
  A spatial maelstrom (Abyss:4)
  A titan skeleton (Crypt:1)
  4 goliath frogs
  A flayed ghost (Depths:1)
  4 sea snakes (Snake:4)
  4 elf simulacra (Elf:1)
  20 sixfirhies
  3 anaconda zombies (Snake:1)
  7 spriggan druids
  8 glowing orange brains
  55 deep trolls
  13 bog bodies
  2 quicksilver dragon simulacra
  6 naga ritualists
  6 shadow demons (Pan)
  2 anaconda skeletons
  5 spectral anacondas (Snake:1)
  9 deep elf archers
  20 ironbound convokers
  A golden dragon skeleton (Pan)
  13 wizards
  An orange crystal statue (Elf:3)
  14 swamp dragons
  18 spriggan simulacra
  9 harpies
  25 deep elf pyromancers
  17 phantasmal warriors
  2 fenstrider witch simulacra (Coc:1)
  12 lindwurms
  5 necromancers
  Pikel (D:7)
  2 wolf spiders
  9 orc knights
  4 shining eyes
  6 oklob plants
  26 deep elf zephyrmancers
  14 salamanders
  4 cyclopes
  A frost giant zombie (Crypt:1)
  11 mana vipers
  8 orc sorcerers
  44 ugly things
  17 moths of wrath
  9 elephants
  7 will-o-the-wisps
  4 manticores
  3 ice statues
  5 guardian serpents
  2 moths of wrath (shapeshifter)
  34 smoke demons
  A dire elephant zombie (Crypt:1)
  A naga zombie (Hell)
  17 vault sentinels
  An iron dragon skeleton (Pan)
  3 molten gargoyles (Hell)
  2 rust devils (Pan)
  15 naga magi
  Joseph (D:7)
  8 cane toads
  37 black mambas
  3 gargoyles
  An alligator snapping turtle zombie (Crypt:1)
  5 eyes of devastation
  2 stone giant skeletons
  2 titan simulacra
  3 naga skeletons (Pan)
  Maggie (D:8)
  3 unseen horrors (Depths:3)
  6 demonic crawlers (Pan)
  4 hellions
  22 orange demons
  8 rime drakes
  12 freezing wraiths
  9 efreet
  2 dire elephant skeletons (Pan)
  A bunyip simulacrum (Coc:2)
  5 ice devils
  A green draconian zombie (Zot:3)
  6 anaconda simulacra
  A red draconian skeleton (Zot:3)
  2 golden dragon simulacra
  A sea snake zombie (Hell)
  27 yaktaurs
  7 entropy weaver simulacra (IceCv)
  21 hellwings (Pan)
  A harpy zombie (Crypt:1)
  2 tengu conjurers
  13 komodo dragons
  2 red devils
  2 queen bees
  6 tormentors
  4 iron giant simulacra
  16 wind drakes (Pan)
  4 trolls
  5 tyrant leeches
  2 harpy skeletons
  13 polar bears
  A tarantella (Vaults:3)
  An alligator zombie (Hell)
  13 blink frogs
  6 dream sheep (Lair:4)
  3 raiju
  A dream sheep (shapeshifter) (Crypt:1)
  15 hornets
  A tarantella (shapeshifter) (D:15)
  116 slime creatures
  An iron dragon simulacrum (Coc:4)
  A stone giant simulacrum (Coc:1)
  An ettin zombie (Abyss:1)
  38 large abominations
  2 hydra skeletons (Hell)
  An alligator skeleton (Hell)
  2 flying skulls (Elf:1)
  2 centaur simulacra (Coc:1)
  A merfolk zombie (Hell)
  A culicivora (Vaults:3)
  4 starcursed masses (Abyss:1)
  4 shadows
  3 air elementals
  An ettin skeleton (Pan)
  14 ynoxinuls
  37 yaks
  2 wraiths
  8 vampires
  6 water elementals
  19 golden eyes
  10 small abominations
  6 dire elephant simulacra
  7 minotaur simulacra (IceCv)
  5 fire elementals
  17 wyverns
  2 steam dragons
  12 vampire mosquitoes
  2 redbacks (shapeshifter)
  12 basilisks
  17 neqoxecs (Pan)
  5 redbacks
  8 wargs
  13 chaos spawn
  9 harpy simulacra
  34 nagas
  19 swamp worms
  14 hydra simulacra
  2 floating eyes
  4 acid dragons
  20 hell hounds
  18 water moccasins
  28 orc warriors
  6 ice beasts
  13 black bears
  An ice dragon simulacrum (Coc:3)
  10 swamp drakes
  2 ettin simulacra (Coc:4)
  6 ogres
  2 alligator simulacra
  4 boggarts
  13 centaurs
  25 wolves
  2 phantoms (D:6)
  A swamp dragon skeleton (Pan)
  2 lemures (D:7)
  2 kobold brigands
  A salamander zombie (Crypt:1)
  12 bullfrogs
  4 necrophages
  4 scorpions
  7 deep troll simulacra (IceCv)
  4 naga simulacra
  A water moccasin zombie (Ossuary)
  2 earth elementals (Elf:2)
  6 wights
  3 lindwurm simulacra (IceCv)
  62 killer bees
  A yak skeleton (Crypt:1)
  2 electric eels
  A howler monkey (D:11)
  A lava snake (Lair:2)
  8 centaur zombies
  2 hounds
  4 jellies
  19 orc priests
  A gnoll bouda (D:8)
  11 iguanas
  A scorpion zombie (Ossuary)
  25 orc wizards
  8 hell rats
  Robin (D:4)
  12 gnolls
  7 adders
  3 white imps
  2 ufetubi
  3 adder zombies (Ossuary)
  A worm (D:5)
  3 dart slugs
  83 orcs
  4 bats
  6 endoplasms
  4 giant cockroaches
  13 goblins
  5 hobgoblins
  2 jackals (D:1)
  3 quokkas
  4 ball pythons
  A frilled lizard (D:2)
  5 gnoll zombies (Ossuary)
  2 goblin zombies (Ossuary)
  3 hobgoblin zombies (Ossuary)
  13 kobolds
  2 orc zombies (Ossuary)
  2 quokka zombies
  7 rats
  A rat zombie (D:8)
  A fungus (Crypt:1)
  2 starspawn tentacles (Pan)
3106 creatures vanquished.

Vanquished Creatures (others)
  A fire giant (Depths:1)
  A shard shrike simulacrum (Coc:2)
  A demonspawn blood saint (Pan)
  2 wendigos
  An ettin (Depths:1)
  2 rakshasas (Depths:1)
  A juggernaut simulacrum (Coc:7)
  A sixfirhy (Pan)
  A bog body (IceCv)
  A spriggan simulacrum (Coc:2)
  An anaconda skeleton (Snake:1)
  A mana viper (Snake:3)
  A fenstrider witch simulacrum (Coc:1)
  A titan simulacrum (Coc:2)
  A bunyip simulacrum (Coc:2)
  A golden dragon simulacrum (Coc:2)
  An iron giant simulacrum (Coc:5)
  A bloated husk (Swamp:3)
  An anaconda simulacrum (Coc:2)
  An iron dragon simulacrum (Coc:2)
  A ynoxinul (Pan)
  A swamp worm (Swamp:2)
  4 harpy simulacra
  An ogre (Elf:2)
  A boggart (Vaults:3)
  An orc priest (Orc:2)
  An orc wizard (Orc:2)
  An orc (Elf:2)
  4 demonic plants (D:1)
  37 foxfires
  49 fungi
  94 plants
  3 withered plants (D:1)
220 creatures vanquished.

Grand Total: 3326 creatures vanquished

Notes
Turn   | Place    | Note
-------+----------+-------------------------------------------
     0 | D:1      | Mls the Hill Orc Fighter began the quest for the Orb.
     0 | D:1      | Reached XP level 1. HP: 19/19 MP: 1/1
    80 | D:1      | Reached XP level 2. HP: 27/27 MP: 2/2
   418 | D:1      | Reached XP level 3. HP: 33/33 MP: 3/3
   458 | D:1      | Found a faded altar of an unknown god.
   772 | D:1      | Identified a scroll of acquirement
   773 | D:1      | Acquired a manual of Axes
   800 | D:2      | Found a sparkling altar of Nemelex Xobeh.
  1246 | D:2      | Reached skill level 5 in Axes
  1361 | D:2      | Reached XP level 4. HP: 40/40 MP: 4/4
  2038 | D:4      | Found a glowing silver altar of Zin.
  2048 | D:4      | Noticed a scorpion
  2077 | D:4      | Killed a scorpion
  2078 | D:4      | Reached XP level 5. HP: 33/46 MP: 5/5
  2609 | D:4      | Reached XP level 6. HP: 44/53 MP: 6/6
  2703 | D:4      | Identified the +1 cloak "Axed" {Slay+3}
  2908 | D:4      | Noticed Robin
  2920 | D:4      | Killed Robin
  3047 | D:4      | Reached skill level 10 in Axes
  3233 | D:4      | Found an iron altar of Okawaru.
  3579 | D:2      | Reached skill level 5 in Fighting
  3579 | D:2      | Reached XP level 7. HP: 58/61 MP: 7/7
  3784 | D:5      | Entered Level 5 of the Dungeon
  4094 | D:5      | Noticed a steam dragon
  4110 | D:5      | Killed a steam dragon
  4251 | D:5      | Reached XP level 8. HP: 68/68 MP: 8/8
  4264 | D:4      | Found a basalt altar of Yredelemnul.
  4264 | D:4      | Found a shimmering blue altar of Sif Muna.
  4703 | D:6      | Reached skill level 15 in Axes
  4703 | D:6      | Reached skill level 5 in Armour
  4892 | D:6      | Found a glowing golden altar of the Shining One.
  5046 | D:6      | Identified the +4 spear of Lalaull {vorpal, Fragile rF-
                  | Will+++ Stlth+}
  5102 | D:6      | Reached skill level 1 in Dodging
  5102 | D:6      | Reached XP level 9. HP: 78/78 MP: 9/9
  5138 | D:6      | Found a staircase to the Ecumenical Temple.
  5147 | Temple   | Entered the Ecumenical Temple
  5153 | Temple   | Became a worshipper of Uskayaw the Reveller
  5184 | D:6      | Reached * piety under Uskayaw
  5195 | D:6      | Reached ** piety under Uskayaw
  5199 | D:6      | Reached skill level 1 in Invocations
  5529 | D:7      | Reached *** piety under Uskayaw
  5531 | D:7      | Noticed Pikel
  5532 | D:7      | Reached **** piety under Uskayaw
  5534 | D:7      | Reached ***** piety under Uskayaw
  5535 | D:7      | Reached skill level 2 in Invocations
  5542 | D:7      | Killed Pikel
  5543 | D:7      | Reached skill level 3 in Invocations
  5755 | D:7      | Reached skill level 4 in Invocations
  6205 | D:7      | Noticed Joseph
  6219 | D:7      | Killed Joseph
  6220 | D:7      | Reached skill level 5 in Invocations
  6393 | D:8      | Reached XP level 10. HP: 86/90 MP: 13/13
  6456 | D:8      | Noticed Maggie
  6480 | D:8      | Killed Maggie
  6481 | D:8      | Reached skill level 5 in Shields
  6755 | D:8      | Found a burning altar of Makhleb.
  6795 | D:8      | Found a sand-covered staircase.
  6802 | Ossuary  | Entered an ossuary
  7161 | D:8      | Reached skill level 6 in Invocations
  7476 | D:8      | Found the ring of the Tortoise {AC+8}
  7847 | D:9      | Reached skill level 10 in Fighting
  7859 | D:9      | Reached ****** piety under Uskayaw
  7875 | D:9      | Found a snail-covered altar of Cheibriados.
  7927 | D:9      | Found a transporter.
  7929 | D:9      | Found a transporter.
  7930 | D:9      | Noticed a glowing orange brain
  7934 | D:9      | Found a viscous altar of Jiyva.
  7940 | D:9      | Noticed a two-headed ogre
  7949 | D:9      | Killed a two-headed ogre
  7950 | D:9      | Reached skill level 7 in Invocations
  7950 | D:9      | Reached XP level 11. HP: 93/101 MP: 16/16
  8165 | D:10     | Entered Level 10 of the Dungeon
  8173 | D:10     | Noticed a two-headed ogre
  8183 | D:10     | Killed a two-headed ogre
  8357 | D:10     | Found a staircase to the Lair.
  8550 | D:10     | Noticed Snorg
  8566 | D:10     | Killed Snorg
  9020 | D:11     | Reached skill level 8 in Invocations
  9216 | D:11     | Noticed a two-headed ogre
  9227 | D:11     | Killed a two-headed ogre
  9228 | D:11     | Reached skill level 10 in Armour
  9315 | D:11     | Noticed a boulder beetle
  9707 | D:11     | Killed a boulder beetle
 10268 | D:11     | Noticed a 12-headed hydra
 10269 | D:11     | Found a runed translucent gate.
 10269 | D:11     | Noticed MirrMurr's ghost (journeyman DsGl)
 10270 | D:11     | Found a runed translucent gate.
 10271 | D:11     | Found a runed translucent gate.
 10273 | D:11     | Noticed a 12-headed hydra
 10429 | Lair:1   | Entered Level 1 of the Lair of Beasts
 10851 | Lair:1   | Identified the +3 ring mail of Cowardice {Will+}
 10860 | Lair:1   | Noticed an eight-headed hydra
 11150 | Lair:1   | Killed an eight-headed hydra
 11151 | Lair:1   | Reached skill level 9 in Invocations
 11151 | Lair:1   | Reached XP level 12. HP: 103/113 MP: 18/18
 11535 | Lair:1   | Noticed Erica
 11555 | Lair:1   | Killed Erica
 12009 | Lair:2   | Reached skill level 10 in Invocations
 12670 | Lair:2   | Found a runed translucent door.
 12705 | Lair:2   | Found a runed translucent gate.
 12705 | Lair:2   | Found a runed translucent gate.
 12705 | Lair:2   | Noticed a boulder beetle
 12769 | Lair:2   | Found a runed translucent gate.
 12769 | Lair:2   | Found a runed translucent gate.
 12769 | Lair:2   | Found a runed translucent gate.
 12769 | Lair:2   | Noticed a boulder beetle
 12769 | Lair:2   | Noticed a boulder beetle
 12770 | Lair:2   | Found a runed translucent gate.
 12833 | Lair:3   | Found a staircase to the Snake Pit.
 12833 | Lair:3   | Noticed a four-headed hydra
 12869 | Lair:3   | Killed a four-headed hydra
 13137 | Lair:3   | Reached skill level 1 in Maces & Flails
 13151 | Lair:3   | Reached skill level 11 in Invocations
 13234 | Lair:3   | Reached XP level 13. HP: 51/124 MP: 21/21
 13712 | Lair:3   | Reached skill level 12 in Invocations
 13923 | Lair:3   | Identified the amulet of Fourikh {RegenMP rPois rN+ Str+3
                  | Int-3}
 14239 | Lair:3   | Found a staircase to the Swamp.
 14696 | Lair:4   | Reached skill level 10 in Shields
 14713 | Lair:4   | Reached skill level 13 in Invocations
 15302 | Lair:4   | Identified the +11 dagger "Visualu" {holy, Stlth+}
 15372 | Lair:4   | Reached skill level 15 in Fighting
 15575 | Lair:4   | You fall into a shaft and drop 1 floor!
 15575 | Lair:5   | Entered Level 5 of the Lair of Beasts
 15587 | Lair:5   | Reached XP level 14. HP: 103/135 MP: 24/24
 15943 | Lair:4   | Found a staircase to the Slime Pits.
 16576 | Lair:5   | Reached skill level 14 in Invocations
 20151 | Lair:3   | Identified the +8 long sword "Lamuy" {spect, Str+2}
 20491 | Lair:2   | Reached skill level 15 in Invocations
 20491 | Lair:2   | Reached XP level 15. HP: 66/145 MP: 26/26
 20844 | Lair:2   | Identified the ring "Cofebio" {rF+ Will+ Str+3 Dex+2}
 21515 | D:11     | Identified the +5 broad axe "Fyebruko" {vorpal, +Blink}
 21535 | D:11     | Killed MirrMurr's ghost
 21646 | D:12     | Found a staircase to the Orcish Mines.
 21712 | D:12     | Reached skill level 1 in Evocations
 22002 | D:12     | Acquired a manual of Shields
 22369 | D:12     | Reached skill level 1 in Polearms
 23214 | Orc:1    | Entered Level 1 of the Orcish Mines
 23445 | Orc:2    | Entered Level 2 of the Orcish Mines
 24212 | Orc:2    | Found a staircase to the Elven Halls.
 24331 | Orc:2    | Reached skill level 16 in Invocations
 24720 | Orc:2    | Found Ysou's Jewellery Boutique.
 24720 | Orc:2    | Found Vimootor's Distillery.
 24722 | Orc:2    | Found Dotsain's Book Boutique.
 24722 | Orc:2    | Found Epolaegi's Assorted Antiques.
 24731 | Orc:2    | Bought a sedimented inky potion for 32 gold pieces
 24733 | Orc:2    | Bought a potion of heal wounds for 65 gold pieces
 24733 | Orc:2    | Bought a potion of heal wounds for 65 gold pieces
 24733 | Orc:2    | Bought a potion of invisibility for 104 gold pieces
 24733 | Orc:2    | Bought a potion of heal wounds for 65 gold pieces
 24733 | Orc:2    | Bought a potion of curing for 39 gold pieces
 24733 | Orc:2    | Bought a potion of resistance for 130 gold pieces
 25480 | D:13     | Reached skill level 5 in Polearms
 25891 | D:14     | Found Xiteduot's Antique Weapon Shop.
 26354 | D:14     | Reached XP level 16. HP: 155/155 MP: 28/28
 26837 | D:14     | Found a gate to the Vaults.
 26844 | D:14     | Acquired a manual of Dodging
 27022 | D:14     | Found a portal to a secret trove of treasure.
 27092 | D:15     | Entered Level 15 of the Dungeon
 27190 | D:15     | Found a basalt altar of Yredelemnul.
 27354 | D:15     | Found a frozen archway.
 27408 | IceCv    | Entered an ice cave
 29233 | IceCv    | Reached skill level 5 in Dodging
 29511 | IceCv    | Found the +8 trishula "Condemnation" {holy, anguish, *Noise
                  | Fly rN+}
 30735 | D:15     | Found a staircase to the Depths.
 31475 | D:9      | Reached skill level 17 in Invocations
 31475 | D:9      | Reached skill level 5 in Evocations
 31709 | Snake:1  | Entered Level 1 of the Snake Pit
 31762 | Snake:1  | Identified the +10 whip of the Tent {vorpal, rN+ Dex+2
                  | Stlth+}
 32706 | Snake:1  | Noticed Aizul
 32722 | Snake:1  | Killed Aizul
 32723 | Snake:1  | Reached XP level 17. HP: 156/163 MP: 29/29
 32735 | Snake:1  | Reached skill level 15 in Shields
 33953 | Snake:3  | Reached skill level 10 in Polearms
 34288 | Snake:3  | HP: 6/166 [shock serpent/bolt of electricity (3)]
 34765 | Snake:3  | Reached skill level 18 in Invocations
 35200 | Snake:4  | Entered Level 4 of the Snake Pit
 36223 | Snake:4  | Reached XP level 18. HP: 169/173 MP: 31/31
 36565 | Snake:4  | Noticed a quicksilver dragon
 36574 | Snake:4  | Noticed a quicksilver dragon
 36575 | Snake:4  | Killed a quicksilver dragon
 36600 | Snake:4  | Killed a quicksilver dragon
 37175 | Snake:4  | Got a serpentine rune of Zot
 37470 | Elf:1    | Entered Level 1 of the Elven Halls
 37598 | Elf:1    | Reached skill level 19 in Invocations
 37638 | Elf:1    | Found a runed translucent door.
 37639 | Elf:1    | Found a shimmering altar of Xom.
 37639 | Elf:1    | Noticed Olga's ghost (adept HuFi)
 38928 | Elf:1    | Paralysed by an air elemental for 1 turns
 39412 | Elf:1    | Killed Olga's ghost
 39507 | Elf:1    | Got Cuoc's Papyrus of Shifting
 39508 | Elf:1    | Identified the +11 broad axe of the Genius {flame, Stlth+}
 39748 | Swamp:1  | Entered Level 1 of the Swamp
 39758 | Swamp:1  | Noticed Mlioglotl
 39781 | Lair:3   | Killed Mlioglotl
 40354 | Swamp:1  | Reached XP level 19. HP: 122/183 MP: 32/32
 40747 | Swamp:2  | Identified Roxanne's Quarto of Transmutation
 40747 | Swamp:2  | Noticed Roxanne
 40767 | Swamp:2  | Killed Roxanne
 40786 | Swamp:2  | Noticed Jorgrun
 40798 | Swamp:2  | Killed Jorgrun
 40799 | Swamp:2  | Reached skill level 5 in Maces & Flails
 41068 | Swamp:2  | Noticed Donald
 41077 | Swamp:2  | Killed Donald
 41697 | Swamp:3  | Noticed a tentacled monstrosity
 41792 | Swamp:2  | Killed a tentacled monstrosity
 41886 | Swamp:3  | Identified the ring of the Shining Light {Will+ Slay+2
                  | Stlth+}
 41935 | Swamp:3  | Reached skill level 10 in Dodging
 42697 | Swamp:4  | Entered Level 4 of the Swamp
 43184 | Swamp:4  | Noticed the 27-headed Lernaean hydra
 43185 | Swamp:4  | Killed the 27-headed Lernaean hydra
 43186 | Swamp:4  | Reached skill level 20 in Invocations
 43191 | Swamp:4  | Got a decaying rune of Zot
 43891 | D:14     | Upgraded the game from 0.29-a0-914-g906f1d757c to
                  | 0.29-a0-920-g5d2155ec51
 43893 | Vaults:1 | Entered Level 1 of the Vaults
 44292 | Vaults:1 | Reached skill level 1 in Stealth
 44648 | Vaults:1 | Reached XP level 20. HP: 193/193 MP: 34/34
 45295 | Vaults:1 | Found Tesasegh's Magic Scroll Shop.
 45384 | Vaults:2 | Noticed Nikola
 45478 | Vaults:2 | Reached skill level 15 in Armour
 46413 | Vaults:2 | Reached skill level 5 in Stealth
 46881 | Vaults:2 | Killed Nikola
 47407 | Vaults:2 | Identified the +2 leather armour "Mesmo" {Harm rN+++ Str-3}
 47559 | Vaults:2 | Found Ruastr Gyewk's Antique Weapon Shop.
 47763 | Vaults:3 | Reached skill level 10 in Evocations
 47930 | Vaults:3 | Found Ygid's Armour Boutique.
 48260 | Vaults:3 | Found a staircase to the Crypt.
 48617 | Vaults:3 | Reached XP level 21. HP: 168/201 MP: 35/35
 48708 | Vaults:3 | Reached skill level 21 in Invocations
 49175 | Vaults:3 | Found Rucuurph's Antique Weapon Shop.
 49604 | Vaults:4 | Reached skill level 15 in Polearms
 49808 | Vaults:4 | Identified the +6 glaive of Tension {freeze, rF+ rC+
                  | Stlth+}
 50097 | Vaults:4 | Noticed Jory
 50109 | Vaults:4 | Killed Jory
 50611 | Vaults:4 | Noticed Boris
 50622 | Vaults:4 | Killed Boris
 50779 | Vaults:4 | Found Akhliwk's General Store.
 51029 | Vaults:4 | Noticed a dread lich
 51030 | Vaults:4 | Found a transporter.
 51058 | Vaults:4 | Identified the ring of Dishonour {rF- rC++ MP+9 Str+4}
 51074 | Vaults:4 | Found a transporter.
 51086 | Vaults:4 | Noticed Mennas
 51284 | Depths:1 | Entered Level 1 of the Depths
 51291 | Depths:1 | Noticed the Enchantress
 51315 | Depths:1 | Killed the Enchantress
 51850 | Depths:1 | Noticed Boris
 51857 | Depths:1 | Found Ownum Roa's Weapon Shop.
 51879 | Depths:1 | Killed Boris
 52207 | Depths:1 | Reached XP level 22. HP: 143/213 MP: 31/36
 52208 | Depths:1 | Reached skill level 10 in Stealth
 52818 | Depths:1 | Reached skill level 22 in Invocations
 52940 | Depths:1 | Identified the +8 falchion "Pynnourph" {vorpal, Contam
                  | +Blink rCorr Int+2}
 54322 | Depths:1 | Found a gateway to Hell.
 54556 | Depths:1 | Identified the +7 mace of Fosum {freeze, Contam rElec
                  | Will+++ Stlth+}
 54876 | Depths:2 | Found a one-way gateway to a ziggurat.
 55268 | Depths:2 | Noticed a caustic shrike
 55271 | Depths:2 | Noticed a juggernaut
 55280 | Depths:2 | Killed a caustic shrike
 55285 | Depths:2 | Noticed a golden dragon
 55285 | Depths:2 | Noticed a juggernaut
 55775 | Depths:2 | Found a shimmering blue altar of Sif Muna.
 55864 | Depths:2 | Found a one-way gate leading to the halls of Pandemonium.
 56072 | Depths:1 | Killed a golden dragon
 56167 | Depths:2 | Killed a juggernaut
 56235 | Depths:2 | Reached XP level 23. HP: 189/221 MP: 38/38
 56235 | Depths:2 | Killed a juggernaut
 56352 | Depths:2 | Found the +5 glaive of the Guard {elec, spectral, AC+5}
 56653 | Depths:3 | Reached skill level 23 in Invocations
 57343 | Depths:3 | Found a one-way gate to the infinite horrors of the Abyss.
 57996 | Depths:3 | Found Bytweiw's Antique Armour Boutique.
 58155 | Depths:3 | Noticed a juggernaut
 58170 | Depths:3 | Killed a juggernaut
 58256 | Depths:4 | Entered Level 4 of the Depths
 58776 | Depths:4 | Noticed a juggernaut
 58784 | Depths:4 | Killed a juggernaut
 58789 | Depths:4 | Paralysed by a floating eye for 2 turns
 59212 | Depths:4 | Noticed Boris
 59235 | Depths:4 | Killed Boris
 59666 | Depths:4 | Found Wair's Book Shoppe.
 59666 | Depths:4 | Found Xiontire's Jewellery Boutique.
 59667 | Depths:4 | Found Mowinuja's Jewellery Boutique.
 59680 | Depths:4 | Bought the amulet "Voxublekk" {Faith rC+ Str+2 Int+3
                  | Slay+3} for 1233 gold pieces
 60519 | Depths:4 | Reached XP level 24. HP: 194/231 MP: 38/38
 60810 | Depths:4 | Found a gate to the Realm of Zot.
 61160 | Elf:2    | Noticed Louise
 61186 | Elf:2    | Killed Louise
 61577 | Elf:2    | Found a flickering gateway to a bazaar.
 61586 | Bazaar   | Entered a bazaar
 61586 | Bazaar   | Found Jihe's Antique Weapon Shoppe.
 61586 | Bazaar   | Found Qian's Jewellery Emporium.
 61596 | Bazaar   | Found Piqeckou's Jewellery Emporium.
 61606 | Bazaar   | Found Hyfup's Book Shoppe.
 61645 | Bazaar   | Bought the ring "Baongyus" {rElec Int+3 Dex+6} for 844 gold
                  | pieces
 61673 | Bazaar   | Bought the ring "Isuss" {rF+ EV+4 Str+4 Dex+4} for 1002
                  | gold pieces
 62006 | Elf:2    | Reached skill level 24 in Invocations
 62125 | Elf:2    | Found a runed translucent gate.
 62126 | Elf:2    | Found a runed translucent gate.
 62126 | Elf:2    | Found a runed translucent gate.
 62517 | Elf:2    | Noticed Agnes
 62523 | Elf:2    | Killed Agnes
 62796 | Elf:3    | Entered Level 3 of the Elven Halls
 64109 | Elf:3    | Found a runed translucent gate.
 64110 | Elf:3    | Found a runed translucent gate.
 64111 | Elf:3    | Found a runed translucent gate.
 64485 | Elf:3    | Got the Secrets of Kindling and Hoarfrost
 64663 | Elf:3    | Identified the +10 morningstar "Delih" {freeze, Str+4}
 64663 | Elf:3    | Identified the +0 robe of the New World {Contam rF++ rC+
                  | Int+5}
 64663 | Elf:3    | Identified the ring "Ciob" {rElec Str+2 Dex+2 SInv}
 64798 | Elf:3    | Identified the +7 chain mail "Xecimi" {rElec rN+ Will+}
 64808 | Elf:3    | Identified the +0 pair of boots of Apathy {Rampage rPois
                  | Str-5 Slay+5}
 64815 | Elf:3    | Identified the +7 glaive of Doom {drain, Dex+2}
 64821 | Elf:3    | Identified the +0 cloak of Beloved Satisfaction {*Slow rC++
                  | rN+}
 64844 | Elf:3    | Identified the +5 scimitar "Emoclimol" {elec, rElec rC-
                  | Dex+6}
 65393 | Vaults:1 | Bought a scroll of enchant armour for 105 gold pieces
 65601 | Vaults:4 | Killed Mennas
 65920 | Vaults:4 | Killed a dread lich
 65945 | Vaults:4 | Reached XP level 25. HP: 155/239 MP: 30/39
 66325 | Vaults:5 | Entered Level 5 of the Vaults
 66826 | Vaults:4 | Reached skill level 25 in Invocations
 67761 | Vaults:5 | Identified the amulet "Paebb" {Acrobat Int+2 SInv Stlth+}
 67782 | Vaults:5 | Reached skill level 15 in Stealth
 67799 | Vaults:5 | Noticed Xtahua
 67802 | Vaults:5 | Identified the +5 quarterstaff of Kublikh {holy, rC-
                  | Will+++ MP-9 Stlth+}
 67805 | Vaults:5 | Killed Xtahua
 68212 | Vaults:5 | Identified the +1 scale mail of Card Tricks {rC+}
 69022 | Vaults:5 | Found Kini's Book Boutique.
 69026 | Vaults:5 | Bought a manual of Dodging for 1120 gold pieces
 69151 | Vaults:5 | Found the +0 staff of Battle
 69304 | Vaults:5 | Got a silver rune of Zot
 69775 | Vaults:5 | Identified the +8 short sword of Beyond {drain, rF+}
 69780 | Vaults:5 | Identified the +4 shortbow "Qighaigu" {speed, rN+ SInv}
 69829 | Vaults:5 | Acquired a manual of Throwing
 70206 | Depths:3 | Voluntarily entered the Abyss.
 70214 | Abyss:1  | Found a corrupted altar of Lugonu.
 70389 | Abyss:1  | Gained mutation: You are dopey. (Int -2) [a shining eye]
 70394 | Abyss:1  | Reached skill level 1 in Throwing
 70746 | Abyss:4  | Reached XP level 26. HP: 247/248 MP: 39/39
 70757 | Abyss:4  | Found a snail-covered altar of Cheibriados.
 70774 | Abyss:4  | Reached skill level 26 in Invocations
 70796 | Abyss:4  | Found a corrupted altar of Lugonu.
 70801 | Abyss:4  | Got an abyssal rune of Zot
 70823 | Depths:3 | Escaped the Abyss
 71119 | Zot:1    | Entered Level 1 of the Realm of Zot
 71931 | Zot:1    | Found a transporter.
 71938 | Zot:1    | Found a transporter.
 71942 | Zot:1    | Found a transporter.
 72594 | Zot:1    | Noticed an orb of fire
 72599 | Zot:1    | Killed an orb of fire
 72772 | Zot:1    | Found a transporter.
 72897 | Zot:2    | Noticed a Killer Klown
 72899 | Zot:2    | Killed a Killer Klown
 72938 | Zot:2    | Reached skill level 5 in Throwing
 73170 | Zot:2    | Acquired 591 gold pieces
 73546 | Zot:2    | Noticed Parghit
 73762 | Zot:2    | Noticed a Killer Klown
 73770 | Zot:1    | Killed Parghit
 73783 | Zot:2    | Killed a Killer Klown
 74220 | Zot:2    | Reached skill level 15 in Evocations
 74386 | Zot:3    | Reached skill level 27 in Invocations
 74988 | Zot:3    | Reached XP level 27. HP: 216/258 MP: 40/40
 75234 | Zot:3    | Noticed a dread lich
 75539 | Zot:2    | Killed a dread lich
 75552 | Zot:3    | Noticed an ancient lich
 75556 | Zot:3    | Killed an ancient lich
 79032 | Vaults:1 | Bought a scroll of butterflies for 56 gold pieces
 79032 | Vaults:1 | Bought a scroll of silence for 133 gold pieces
 79384 | Slime:1  | Entered Level 1 of the Pits of Slime
 79564 | Slime:1  | Found a shimmering altar of Xom.
 79747 | Slime:2  | You fall into a shaft and drop 2 floors!
 80549 | Slime:4  | Gained mutation: Your body sometimes deteriorates upon
                  | taking damage. [a shining eye]
 80554 | Slime:4  | Gained mutation: You are frail. (-10% HP) [a shining eye]
 80793 | Slime:5  | Entered Level 5 of the Pits of Slime
 80984 | Slime:5  | Noticed the Royal Jelly
 80997 | Slime:5  | Killed the Royal Jelly
 81779 | Slime:5  | Got the Guidebook on the Flock and Conjuration
 81780 | Slime:5  | Identified the +5 scale mail of the Lute {Stlth+}
 81799 | Slime:5  | Identified the +1 chain mail of the Catamount {Rampage
                  | rElec Str-4 Stlth-}
 81832 | Slime:5  | Got a slimy rune of Zot
 81836 | Slime:5  | Identified the +3 ring mail "Ketudiosm" {rC+ Will- Int+2}
 81844 | Slime:5  | Identified the +2 robe of Pantheism {Regen+ Int+4 Slay+2}
 81866 | Slime:5  | Identified the +2 flail "Waq Ymomm" {antimagic, rElec
                  | Will++}
 81878 | Slime:5  | Lost mutation: Your body sometimes deteriorates upon taking
                  | damage. [potion of mutation]
 81878 | Slime:5  | Lost mutation: You are dopey. (Int -2) [potion of mutation]
 81878 | Slime:5  | Lost mutation: You are frail. (-10% HP) [potion of
                  | mutation]
 81878 | Slime:5  | Gained mutation: Your mind is acute. (Int +4, Str/Dex -1)
                  | [potion of mutation]
 81879 | Slime:5  | Identified the +3 mace "Yhuvuker" {elec, Str+3 Dex-5
                  | Stlth+}
 81927 | Slime:5  | Upgraded the game from 0.29-a0-920-g5d2155ec51 to
                  | 0.29-a0-923-g6e406bff71
 81930 | Slime:5  | Learned a level 2 spell: Wereblood
 82262 | Pan      | Entered Pandemonium
 82522 | Pan      | Found an exit through the horrors of the Abyss.
 82541 | Pan      | Noticed Acuig the pandemonium lord
 82559 | Pan      | Killed Acuig the pandemonium lord
 82585 | Pan      | Reached skill level 1 in Transmutations
 83534 | Pan      | Entered the realm of Cerebov.
 83743 | Pan      | Reached skill level 15 in Dodging
 83759 | Pan      | Reached skill level 10 in Throwing
 84148 | Pan      | Found the +6 sword of Cerebov {flame}
 84148 | Pan      | Noticed Cerebov
 84151 | Pan      | Killed Cerebov
 84316 | Pan      | Identified the +7 arbalest of the Boiling Point {venom,
                  | MP+9}
 84353 | Pan      | Got the Almanac of Outbursts
 84388 | Pan      | Got the Teachings on Gathered Hurting
 84427 | Pan      | Got a fiery rune of Zot
 84452 | Pan      | Identified the +1 scale mail of Gestures {-Tele Harm Str+4
                  | Int+4}
 84494 | Pan      | Identified the +2 plate armour of Unambiguity {rF+}
 84494 | Pan      | Noticed Dotzi the pandemonium lord
 84509 | Pan      | Killed Dotzi the pandemonium lord
 84537 | Pan      | Identified the +8 rapier of the Fool {freeze, rElec Int+3
                  | Stlth+}
 85124 | Pan      | Got a demonic rune of Zot
 85848 | Pan      | Entered the realm of Gloorx Vloq.
 86900 | Pan      | Noticed Gloorx Vloq
 86901 | Pan      | Killed Gloorx Vloq
 86915 | Pan      | Identified the +7 war axe of Gozag's Inspiration {vorpal,
                  | rN+}
 86951 | Pan      | Got a dark rune of Zot
 88150 | Pan      | Entered the realm of Lom Lobon.
 88186 | Pan      | Found an exit through the horrors of the Abyss.
 88964 | Pan      | Noticed Lom Lobon
 88965 | Pan      | Killed Lom Lobon
 89854 | Pan      | Got a magical rune of Zot
 90087 | Pan      | Entered the realm of Mnoleg.
 90474 | Pan      | Gained mutation: You are clumsy. (Dex -2) [a cacodemon]
 90660 | Pan      | Noticed Mnoleg
 90661 | Pan      | Killed Mnoleg
 90663 | Pan      | Gained mutation: Potions are less effective at restoring
                  | your health. [a cacodemon]
 90673 | Pan      | Reached skill level 5 in Transmutations
 90725 | Pan      | Got a glowing rune of Zot
 90737 | Pan      | Gained mutation: You are strong-willed. (Will+) [a neqoxec]
 90787 | Pan      | Gained mutation: Your magical capacity is low. (-10% MP) [a
                  | cacodemon]
 90811 | Pan      | Gained mutation: You are very clumsy. (Dex -4) [a
                  | cacodemon]
 91020 | Pan      | Lost mutation: Your mind is acute. (Int +4, Str/Dex -1) [a
                  | neqoxec]
 91104 | Pan      | Gained mutation: You occasionally lose the ability to drink
                  | potions when taking damage. [a cacodemon]
 91147 | Pan      | Lost mutation: Potions are less effective at restoring your
                  | health. [potion of mutation]
 91147 | Pan      | Lost mutation: You are very clumsy. (Dex -4) [potion of
                  | mutation]
 91147 | Pan      | Lost mutation: Your magical capacity is low. (-10% MP)
                  | [potion of mutation]
 91387 | Depths:2 | Escaped Pandemonium
 91511 | Hell     | Entered the Vestibule of Hell
 91511 | Hell     | Noticed Geryon
 91521 | Hell     | Killed Geryon
 92157 | Hell     | Found a gateway to the decaying netherworld of Tartarus.
 92213 | Hell     | Noticed Murray
 92474 | Hell     | Killed Murray
 92685 | Hell     | Found a gateway to the Iron City of Dis.
 92722 | Hell     | Found a gateway to the ashen valley of Gehenna.
 92787 | Hell     | Found a gateway to the freezing wastes of Cocytus.
 92822 | Hell     | Upgraded the game from 0.29-a0-923-g6e406bff71 to
                  | 0.29-a0-977-g7483850d73
 92882 | Coc:1    | Entered Level 1 of Cocytus
 92900 | Coc:1    | Noticed a dread lich
 92907 | Coc:1    | Killed a dread lich
 93767 | Coc:4    | Paralysed by a wendigo for 1 turns
 93774 | Coc:4    | Paralysed by a wendigo for 1 turns
 93779 | Coc:4    | Paralysed by a wendigo for 1 turns
 94662 | Coc:5    | Paralysed by a wendigo for 1 turns
 95792 | Vaults:3 | Bought the +1 pair of gloves "Anyte" {Int+4 Dex+4} for 532
                  | gold pieces
 95869 | Crypt:1  | Entered Level 1 of the Crypt
 96041 | Crypt:1  | Found an ancient bone altar of Kikubaaqudgha.
 96089 | Crypt:1  | HP: 10/235 [revenant/ghostly fireball (24)]
 96709 | Crypt:1  | Noticed Caitwiop's ghost (veteran GrFi)
 96872 | Crypt:1  | Found a transporter.
 96881 | Crypt:1  | Found a transporter.
 96961 | Crypt:1  | Noticed Zenata
 96972 | Crypt:1  | Killed Zenata
 97362 | Crypt:1  | Killed Caitwiop's ghost
 98619 | Coc:7    | Entered Level 7 of Cocytus
 98642 | Coc:7    | HP: 12/271 [shard shrike/shard of ice (12)]
 98643 | Coc:7    | Killed from afar by a wendigo

Illustrated notes

Levels and vault maps discovered:
D:1:      ebering_trefoil_twist, layout_loops_ring,
          shapermc_ecumenical_altar_gd, minmay_distorted
D:2:      layout_basic, basic_altar, minmay_misc_feat_ornament
D:3:      layout_rooms
D:4:      layout_loops_ring, mainiacjoe_overflow_concentric_impassable,
          nicolae_overflow_hidden_temple, uniq_robin
D:5:      layout_basic
D:6:      layout_rooms, tso_oasis_becter, minmay_temple_entry_wispy
D:7:      layout_rooms, uniq_pikel, uniq_joseph
D:8:      layout_loops_cross, kennysheep_little_box, enter_ossuary_4,
          uniq_maggie
D:9:      gammafunk_jiyva_shrine, layout_cave_pools,
          mainiacjoe_overflow_six_doors_small
D:10:     layout_cave_pools, dpeg_oklobed_lair, grunt_ministairs_1,
          hangedman_abyss_or_decor_passed, uniq_snorg
D:11:     layout_gridville, gammafunk_ghost_hydra_chop
D:12:     layout_layer_cave, david_orc_2, minmay_the_grid_square_5x5_3x3_mashed
          [minmay_the_grid_square_5x5_eight, minmay_the_grid_square_5x5_dogpile,
          minmay_the_grid_square_5x5_three_walls,
          minmay_the_grid_square_5x5_fancy_junction,
          minmay_the_grid_square_5x5_megaprize_diamond,
          minmay_the_grid_square_5x5_two_small,
          minmay_the_grid_square_5x5_two_walls_a,
          minmay_the_grid_square_5x5_hourglass,
          minmay_the_grid_square_5x5_shrine2]
D:13:     layout_loops_ring
D:14:     layout_long_grid, david_vaults_4, nicolae_trove_entry_columns,
          kennysheep_nondescript, nicolae_stop_n_shop_1
D:15:     grunt_enter_depths_hoard, layout_layer_cave,
          portal_ice_cave_entry_frozen_things, lemuel_zombie_altar_yredelemnul
Temple:   hellmonk_temple_two_chambers
Lair:1:   layout_misc_corridors, special_room [special_room_bee],
          guppyfry_lair_drakes, uniq_erica
Lair:2:   gammafunk_indiana_jones, layout_big_grid, ice2_lemuel
Lair:3:   hangedman_what_comes_after_a, layout_misc_corridors,
          nicolae_swamp_entry_splash_gauntlet, infiniplex_staircase_pool_2
Lair:4:   layout_roguey [special_room_mythical_zoo],
          minmay_slime_entry_oklob_open
Lair:5:   guppyfry_lair_end_dragon, layout_cave_pods,
          hangedman_lair_caniforms_friends
Swamp:1:  layout_basic_swamp, evilmike_swamp_ruin_house_4,
          infiniplex_staircase_pool, uniq_mlioglotl
Swamp:2:  layout_falls_marsh, evilmike_swamp_ruin_house_2, uniq_jorgrun,
          uniq_roxanne, uniq_donald
Swamp:3:  layout_basic_swamp, serial_swamp_ruin, evilmike_swamp_ruin_house_3,
          hangedman_swamp_ruin_hall
Swamp:4:  grunt_swamp_rune_castle, layout_basic_swamp,
          nicolae_swamp_triple_paths
Snake:1:  layout_rooms, nicolae_snake_dead_anacondas, uniq_aizul
Snake:2:  layout_misc_corridors, nicolae_snake_omega
Snake:3:  layout_concentric_octagons, hangedman_snake_corridor_cut
Snake:4:  hellmonk_snake_rune_quicksilver_temple, layout_cave_town,
          nicolae_large_snake_swirl, serial_bayou_shore_a
Slime:1:  layout_caves, basic_altar
Slime:2:  layout_caves
Slime:3:  layout_caves
Slime:4:  layout_caves, cheibrodos_slime_lost_civilization_7
Slime:5
Orc:1:    layout_caves, serial_shops
Orc:2:    grunt_orc_tribal_feast, layout_caves
Elf:1:    eino_elf_arrival_sip, layout_geoelf_grid, ebering_ghost_xom,
          evilmike_minifort, nicolae_elf_deep_mausoleum
Elf:2:    nicolae_elf_blades_crystal_corner, layout_gridlike, serial_shops,
          bzr_in_the_mist, uniq_louise, uniq_agnes
Elf:3:    minmay_elf_hall_circle, layout_onion_city, minivault_15,
          nicolae_gammafunk_elf_defective_weapons_storage
Vaults:1: nicolae_vaults_border_crossing, v_alt_pattern_6,
          vaults_room_door_hall, v_misc_9, v_misc_19, grunt_vaults_trifunnel,
          vaults_mumra_hexcomb, ontoclasm_vaults_ring_square, v_alt_pattern_1,
          hangedman_vaults_impose, ontoclasm_vaults_loading_screen,
          nicolae_vaults_specimen_jars, nicolae_vaults_diagonal_hallway_6,
          layout_vaults_ring, serial_shops, shop
Vaults:2: nicolae_vaults_little_squares_6, nicolae_vaults_an_arrangement,
          grunt_vaults_swirl, vaults_room_grunt_arrival_ludios,
          vaults_room_door_hall, nicolae_vaults_theta,
          nicolae_vaults_little_squares_4, v_misc_2,
          nicolae_vaults_network_quinsquares
          [nicolae_vaults_network_quincunx_subvault,
          nicolae_vaults_network_quincunx_subvault,
          nicolae_vaults_network_quincunx_subvault,
          nicolae_vaults_network_quincunx_subvault], hangedman_vaults_trim,
          v_alt_pattern_1, nicolae_vaults_little_squares_6,
          layout_vaults_big_cross, serial_shops, nicolae_shop_behind_doors,
          uniq_nikola
Vaults:3: minmay_crypt_entry_simple_statues, ontoclasm_vaults_misaligned,
          vaults_mumra_minichess_inversion, layout_vaults_omnigrid,
          serial_shops, shop, nicolae_shop_statue_plus
Vaults:4: gammafunk_the_bubble [the_bubble_gammafunk_plus_minus],
          nicolae_vaults_puzzle_piece, vaults_room_octagon,
          ontoclasm_vaults_ligature, v_rooms_6, vaults_room_grid, v_misc_30,
          hangedman_vaults_stretched_pinwheel, vaults_room_grid,
          layout_vaults_chaotic_city, serial_shops, nicolae_shop_crystal,
          uniq_jory, uniq_mennas, uniq_boris
Vaults:5: uniq_xtahua
Crypt:1:  layout_regular_city, gammafunk_ghost_abyssal_escape,
          lemuel_statue_altar, weyrava_vampire_temple, uniq_zenata
Depths:1: nzn_winding_woodlands_stair_trap [nzn_winding_woodlands_5x15_eye,
          nzn_winding_woodlands_5x15_jagged,
          nzn_winding_woodlands_5x15_sawtooth,
          nzn_winding_woodlands_15x15_killbox,
          nzn_winding_woodlands_5x15_parted, nzn_winding_woodlands_5x15_twine,
          nzn_winding_woodlands_5x15_longhouse], layout_cave_shapes,
          serial_shops, shop_statue, hellmouth_2, serial_bayou_pond_c,
          st_stairs_12, hangedman_aviary, uniq_enchantress
Depths:2: minmay_guarded_unrand_guard, layout_twisted_cross, enter_ziggurat_a,
          hell_entry, led_sif_pool, rand_demon_pan_entry_7,
          infiniplex_staircase_9_rooms
Depths:3: cheibrodos_hall_of_evolution, layout_honeycomb, kennysheep_nub,
          minmay_room_of_horrors, hell_entry, serial_shops, nicolae_shop_stone,
          small_statue_intersection, grunt_megastairs_2,
          infiniplex_staircase_zigzag_5
Depths:4: grunt_zot_entry_pinwheel, layout_cave_pools,
          hangedman_tar_grid_catacomb, minmay_shop_grove
Hell
Coc:1:    layout_ice_bergs
Coc:2:    layout_cocytus_water_paths
Coc:3:    layout_cocytus_delve, serial_ice, serial_ice_a, serial_ice_o
Coc:4:    layout_cocytus_delve
Coc:5:    layout_cocytus_delve
Coc:6:    layout_cocytus_water_paths
Coc:7:    coc_grunt_cove [coc_grunt_cove_antaeus, coc_grunt_cove_fiend,
          coc_grunt_cove_fiend, coc_grunt_cove_fiend, coc_grunt_cove_fiend]
Zot:1:    layout_cellular_growth, nicolae_transporter_circle
Zot:2:    layout_onion_interference, uniq_parghit
Zot:3:    hangedman_snap_crack_crunch, layout_onion_interference
Zot:4:    layout_twisted_circle

Skill      XL: |  1  2  3  4  5  6  7  8  9 10 11 12 13 14 15 16 17 18 19 20 21 22 23 24 25 26 27 |
---------------+----------------------------------------------------------------------------------+-----
Axes           | 3 5 7 8 10 13 16 17 18 19 20 23 | 23.0
Fighting       | 4 5 6 8 10 12 14 15 16 17 18 19 20 21 22 23 26 | 26.8
Armour         | 4 5 7 9 10 11 12 13 14 15 16 17 18 21 | 21.1
Shields        | 4 6 7 8 10 12 14 16 17 18 19 20 22 | 22.6
Dodging        | 1 2 3 6 8 9 11 12 13 17 | 17.3
Invocations    | 5 7 9 11 13 15 16 17 18 19 20 21 22 23 24 25 27 | 27.0
Maces & Flails | 1 2 3 4 6 7 8 |  8.9
Evocations     | 3 5 7 8 9 10 11 12 13 14 15 | 15.0
Polearms       | 5 9 11 12 14 15 | 15.1
Stealth        | 2 7 9 11 12 14 15 19 | 19.7
Throwing       | 1 6 13 | 13.7
Transmutations | 6 |  6.9

Action                   |  1- 3 |  4- 6 |  7- 9 | 10-12 | 13-15 | 16-18 | 19-21 | 22-24 | 25-27 || total
-------------------------+-------+-------+-------+-------+-------+-------+-------+-------+-------++-------
Melee: War axe           |    69 |   128 |   231 |   593 |   782 |       |       |       |   185 ||  1988
       Morningstar       |       |       |       |    10 |    70 |     6 |       |       |       ||    86
       Broad axe         |       |       |       |       |   278 |  1042 |   909 |   984 |  2582 ||  5795
       Trishula          |       |       |       |       |       |     3 |       |    13 |     7 ||    23
Throw: Dart              |       |       |       |     1 |     1 |       |       |       |       ||     2
       Boomerang         |       |       |       |       |       |       |     5 |     2 |   145 ||   152
Invok: Grand Finale      |       |       |       |     1 |     4 |     6 |     5 |    12 |    24 ||    52
       Stomp             |       |       |       |       |     2 |       |     1 |       |     1 ||     4
       Line Pass         |       |       |       |       |       |       |       |     5 |    11 ||    16
Evoke: Wand              |       |       |       |       |     1 |     3 |       |       |       ||     4
  Use: Scroll            |     4 |     1 |     2 |    14 |     8 |     5 |     1 |    18 |    10 ||    63
       Potion            |       |       |       |     2 |     3 |     9 |     3 |     2 |     6 ||    25
 Stab: Paralysed         |       |       |     5 |    57 |   139 |   142 |   141 |   141 |   441 ||  1066
       Distracted        |       |       |       |       |       |     1 |       |       |     4 ||     5
       Sleeping          |       |       |       |       |       |       |    17 |     3 |    14 ||    34
       Confused          |       |       |       |       |       |       |       |     5 |    13 ||    18
Armor: Scale mail        |    27 |    11 |       |       |       |       |       |       |       ||    38
       Chain mail        |       |    60 |   116 |    64 |       |       |       |       |       ||   240
       Plate armour      |       |       |       |   343 |   468 |       |       |       |       ||   811
       Fire dragon scale |       |       |       |       |   330 |   323 |   355 |   108 |       ||  1116
       Acid dragon scale |       |       |       |       |     6 |    58 |       |       |       ||    64
       Ice dragon scales |       |       |       |       |       |    17 |       |       |       ||    17
       Gold dragon scale |       |       |       |       |       |       |       |   312 |  1461 ||  1773
       Shadow dragon sca |       |       |       |       |       |       |       |       |    71 ||    71
Dodge: Dodged            |    17 |    30 |    60 |   186 |   411 |   241 |   227 |   221 |   742 ||  2135
Block: Buckler           |     8 |    24 |    36 |    84 |       |       |       |       |       ||   152
       Kite shield       |       |       |       |   114 |   676 |    94 |       |       |       ||   884
       Tower shield      |       |       |       |       |       |   736 |   733 |   864 |  2715 ||  5048

Table legend: (Time is in decaauts)
 A = Elapsed time spent in this place.
 B = Non-inter-level travel time spent in this place.
 C = Inter-level travel time spent in this place.
 D = Time resting spent in this place.
 E = Time spent auto-exploring this place.
 F = Levels seen in this place.
 G = Mean time per level.
                   A        B        C        D        E       F      G
               +--------+--------+--------+--------+--------+-----+--------+
         Total |  97784 |  88700 |   9084 |  37321 |  11192 |  80 | 1222.3 |
       Dungeon |  18230 |  15556 |   2674 |   4483 |   5552 |  15 | 1215.3 |
        Temple |     12 |     12 |      0 |      0 |      0 |   1 |   12.0 |
          Lair |  10568 |   9567 |   1001 |   3947 |   2296 |   5 | 2113.6 |
         Swamp |   4142 |   3847 |    295 |   1286 |   1156 |   4 | 1035.5 |
     Snake Pit |   5556 |   5313 |    243 |   2137 |    349 |   4 | 1389.0 |
    Slime Pits |   2562 |   2529 |     33 |    896 |    163 |   5 |  512.4 |
  Orcish Mines |   2337 |   1840 |    497 |    519 |    596 |   2 | 1168.5 |
   Elven Halls |   5968 |   5223 |    745 |   2256 |      2 |   3 | 1989.3 |
        Vaults |  13029 |  11350 |   1679 |   5588 |    299 |   5 | 2605.8 |
         Crypt |    951 |    951 |      0 |    117 |      0 |   1 |  951.0 |
        Depths |  11301 |   9943 |   1358 |   5535 |    280 |   4 | 2825.2 |
          Hell |   2119 |   2060 |     59 |   1336 |      0 |   1 | 2119.0 |
       Cocytus |   2441 |   2407 |     34 |   1575 |      0 |   7 |  348.7 |
           Zot |   5887 |   5423 |    464 |   2240 |      0 |   4 | 1471.8 |
         Abyss |    610 |    610 |      0 |      0 |      0 |   4 |  152.5 |
   Pandemonium |   8877 |   8877 |      0 |   3315 |    499 |  12 |  739.8 |
        Bazaar |    112 |    112 |      0 |      6 |      0 |   1 |  112.0 |
       Ossuary |    146 |    146 |      0 |      0 |      0 |   1 |  146.0 |
      Ice Cave |   2927 |   2927 |      0 |   2081 |      0 |   1 | 2927.0 |
               +--------+--------+--------+--------+--------+-----+--------+

Top non-repeatable levels by time:
Vaults:4: 4898 daAuts
Depths:1: 4550 daAuts
Depths:3: 2977 daAuts
  Lair:5: 2959 daAuts
   IceCv: 2927 daAuts
  Lair:3: 2723 daAuts
   Elf:1: 2578 daAuts
Vaults:3: 2414 daAuts
Vaults:2: 2348 daAuts
    D:15: 2312 daAuts
Vaults:1: 2215 daAuts
   Elf:2: 2169 daAuts
Depths:4: 2141 daAuts
    Hell: 2119 daAuts
   Zot:2: 2069 daAuts
